 Dungeon Crawl Stone Soup version 0.16-a0-3880-g9314259 (webtiles) character file.

119 oshikia the Conjurer (level 4, -1/33 HPs)
             Began as a Draconian Conjurer on Feb 1, 2015.
             Succumbed to poison (a potion of poison)
             ... on level 3 of the Dungeon.
             The game lasted 00:09:35 (2398 turns).

oshikia the Conjurer (Draconian Conjurer)           Turns: 2398, Time: 00:09:35

Health: -1/33      AC:  5    Str: 10    XL:     4   Next: 74%
Magic:  1/10       EV: 17    Int: 16    God:
Gold:   113        SH:  0    Dex: 17    Spells: 2 memorised, 7 levels left

rFire  . . .     SeeInvis .     (no weapon)
rCold  . . .     Clarity  .     (armour unavailable)
rNeg   . . .     SustAb   .     (no shield)
rPois  .         Gourm    .     (helmet restricted)
rElec  .         Spirit   .     (no cloak)
rCorr  .         Warding  .     (no gloves)
rMut   .         Stasis   .     (no boots)
MR     .....                    (no amulet)
Stlth  +++.......               (no ring)
                                (no ring)

@: agile, lethally poisoned (-1 -> -24), not resistant to hostile enchantments,
fairly stealthy
A: unfitting armour, cold-blooded, AC +5
a: no special abilities


You were on level 3 of the Dungeon.
You were not hungry.

You visited 1 branch of the dungeon, and saw 3 of its levels.

You collected 113 gold pieces.

Inventory:

Scrolls
 a - a scroll of immolation {unknown}
 d - a scroll of amnesia {unknown}
 e - a scroll of teleportation {unknown}
 g - 2 scrolls of remove curse {unknown}
 h - a scroll of magic mapping {unknown}
 i - 2 scrolls of identify {unknown}
Books
 c - a book of Conjurations

   Spells                             Type                      Level
   a - Magic Dart                     Conjuration                  1
   b - Searing Ray                    Conjuration                  2
   c - Dazzling Spray                 Conjuration/Hexes            3
   d - Fulminant Prism                Conjuration/Hexes            4
   e - Iskenderun's Mystic Blast      Conjuration                  4
   f - Iskenderun's Battlesphere      Conjuration/Charms           5
Comestibles
 b - 2 bread rations
 f - a slice of pizza
 k - a beef jerky


   Skills:
 - Level 1.7 Dodging
 - Level 1.7 Stealth
 + Level 3.5 Spellcasting
 + Level 5.2 Conjurations


You had 7 spell levels left.
You knew the following spells:

 Your Spells              Type           Power        Failure   Level  Hunger
a - Magic Dart            Conj           ###.         1%          1    None
b - Searing Ray           Conj           ###...       3%          2    ##.....


Dungeon Overview and Level Annotations

Branches:
Dungeon (3/15)

Altars:


Innate Abilities, Weirdness & Mutations

Your plain brown scales are hard (AC +5).
Your body does not fit into most forms of armour.
Your cold-blooded metabolism reacts poorly to cold.


Message History

It was a potion of agility.
You feel agile all of a sudden.
* * * LOW HITPOINT WARNING * * *
You feel sick.
Drink which item? (? for menu, Esc to quit)
It was a potion of poison.
That liquid tasted very nasty...
You are more poisoned.
* * * LOW HITPOINT WARNING * * *
You feel sick.
There is a lethal amount of poison in your body!
* * * LOW HITPOINT WARNING * * *
You feel very sick.
You climb downwards.
* * * LOW HITPOINT WARNING * * *
You feel sick.
There is a stone staircase leading up, spattered with blood here.
* * * LOW HITPOINT WARNING * * *
You feel sick.
Found 10 gold pieces and a scroll labeled KLERICVU ZUDI.
You die...

... ........
#..?..... #.........
#..$.....[.
#..........
#..........
#..<.....$.....
#..@..............
#..................
#<..................
#.†...........w.....
#............g......
#..........h........
#...................
#...........h<......
#...................


There were no monsters in sight!

Vanquished Creatures
  A worker ant (D:2)
  3 adders (D:2)
  2 worms (D:2)
  3 giant geckos
  6 goblins
  8 hobgoblins
  7 jackals
  7 kobolds
  10 bats
  2 giant cockroaches (D:2)
  A giant newt (D:2)
  5 rats
55 creatures vanquished.

Notes
Turn   | Place    | Note
--------------------------------------------------------------
     0 | D:1      | oshikia, the Draconian Conjurer, began the quest for the Orb.
     0 | D:1      | Reached XP level 1. HP: 14/14 MP: 3/3
   354 | D:1      | Reached XP level 2. HP: 20/20 MP: 3/5
  1227 | D:1      | Reached XP level 3. HP: 26/26 MP: 1/6
  1412 | D:2      | Learned a level 2 spell: Searing Ray
  1779 | D:2      | Reached XP level 4. HP: 33/33 MP: 3/9
  1988 | D:2      | Reached skill level 5 in Conjurations
  2397 | D:3      | HP: 1/33 [poison (a potion of poison)]
  2398 | D:3      | Succumbed to poison (a potion of poison)

Action                   |  1- 3 |  4- 6 || total
-------------------------+-------+-------++-------
Melee: Unarmed           |    50 |     5 ||    55
 Cast: Magic Dart        |    72 |    31 ||   103
       Searing Ray       |     3 |     4 ||     7
  Use: Potion            |       |     2 ||     2
  Eat: Chunk             |     3 |     3 ||     6
